 Dungeon Crawl Stone Soup version 0.28-a0-1568-g77cbbf62ba (webtiles) character file.

Game seed: 10753146997077113503

7307 Ijustatesigmund the Basher (level 10, -6/94 (97) HPs)
             Began as a Minotaur Fighter on Jan 20, 2022.
             Was a Follower of the Shining One.
             Mangled by a wight (12 damage)
             ... on level 9 of the Dungeon.
             The game lasted 00:13:36 (9610 turns).

Ijustatesigmund the Basher (Minotaur Fighter)       Turns: 9610, Time: 00:13:36

HP:   -6/94 (97)    AC: 12    Str: 22    XL:     10   Next: 90%
MP:   12/12         EV: 10    Int:  5    God:    the Shining One [*.....]
Gold: 297           SH:  6    Dex: 13    Spells: 9/9 levels left

rFire   . . .      SeeInvis .   a - +2 flail (elec)
rCold   . . .      Faith    .   c - +1 buckler
rNeg    . . .      Spirit   .   b - +0 chain mail
rPois   .          Reflect  .   (helmet restricted)
rElec   .          Harm     .   i - +0 cloak
rCorr   .          Rampage  .   (no gloves)
Will    .....                   (no boots)
Stlth   ..........              (no amulet)
HPRegen 0.25/turn               (no ring)
MPRegen 0.13/turn               (no ring)

@: glowing, lightly drained
A: horns 2, retaliatory headbutt
a: Renounce Religion, Divine Shield


You were on level 9 of the Dungeon.
You worshipped the Shining One.
The Shining One was aware of your devotion.
You visited 2 branches of the dungeon, and saw 10 of its levels.

You collected 531 gold pieces.
You spent 234 gold pieces at shops.

Inventory:

Hand Weapons
 a - a +2 flail of electrocution (weapon)
 d - a +5 dire flail of holy wrath
Missiles
 e - 3 javelins
 j - a curare-tipped dart (quivered)
 B - 2 throwing nets
Armour
 b - a +0 chain mail (worn)
 c - a +1 buckler (worn)
 i - a +0 cloak (worn)
Wands
 p - a wand of paralysis (2)
 C - a wand of acid (6)
Scrolls
 h - a scroll of fog
 s - a scroll of amnesia
 x - a scroll of fear
 A - 2 scrolls of teleportation
 D - a scroll of blinking
Potions
 f - 2 potions of resistance
 g - 2 potions of curing
 k - 2 potions of magic
 l - 4 potions of brilliance
 m - a potion of ambrosia
 n - a potion of cancellation
 o - a potion of might
 r - 2 potions of heal wounds
 v - a potion of lignification {unknown}
 w - a potion of flight {unknown}


   Skills:
 + Level 11.7 Fighting
 + Level 11.9 Maces & Flails
 + Level 8.3 Armour
 - Level 6.7 Dodging
 - Level 3.6 Shields
 + Level 4.5 Invocations


You had 9 spell levels left.
You didn't know any spells.
Your spell library contained the following spells:

 Spells                   Type           Power      Damage    Failure   Level
 Sublimation of Blood     Necr           0%         N/A       100%        2
 Wereblood                Tmut           0%         N/A       100%        2
 Tukima's Dance           Hex            0%         N/A       100%        3
 Passage of Golubria      Tloc           0%         N/A       100%        4
 Yara's Violent Unravell  Hex/Tmut       0%         3d3       100%        5
 Summon Hydra             Summ           0%         N/A       100%        7


Dungeon Overview and Level Annotations

Branches:
Dungeon (9/15)             Temple (1/1) D:7             Orc (0/2) D:9
   Lair: D:8-11

Altars:
Ashenzari
Dithmenos
Elyvilon
Fedhas
Gozag
Hepliaklqana
Kikubaaqudgha
Nemelex Xobeh
Okawaru
Sif Muna
Trog
Uskayaw
Vehumet
Wu Jian
Yredelemnul
Zin
The Shining One

Shops:
D:2 :   D:5 !   D:6 (

Annotations:
D:8 Gastronok


Innate Abilities, Weirdness & Mutations

You have a pair of horns on your head.
You reflexively headbutt those who attack you in melee.


Message History

You destroy the wight!
The Shining One accepts your kill. The wight completely misses you.
You sock the yak!
The yak is moderately wounded.
You block the wight's attack. The yak gores you!
You sock the yak!
The yak is heavily wounded.
The wight misses you.
You hit the yak. Lightning courses through the yak!
You headbutt the yak, but do no damage.
The yak is almost dead.
You block the yak's attack.
The wight hits you from afar with a +3 trident!
You hit the yak but do no damage.
The yak is almost dead.
The yak gores you! You block the wight's attack.
You hit the yak.
You kill the yak!
Your life force feels restored.
You hit the yak.
The yak is lightly wounded.
You block the wight's attack. The yak gores you!
* * * LOW HITPOINT WARNING * * *
You sock the yak! You headbutt the yak.
The yak is severely wounded.
The wight hits you from afar with a +3 trident.
* * * LOW HITPOINT WARNING * * *
The yak closely misses you.
You hit the yak.
The yak is severely wounded.
The wight hits you from afar with a +3 trident!
* * * LOW HITPOINT WARNING * * *
You feel drained.
* * * LOW HITPOINT WARNING * * *
You thump the yak! Your headbutt misses the yak.
The yak is almost dead.
You block the yak's attack.
The wight hits you from afar with a +3 trident!
You die...

.#.#....# #.## #."..
####.######.#
##.....
#######.#####
....... #.........#
.......
##.....##.###).....>
#.........Y.##....
#.....#..zzz.Y.....
#.....#.##Y#####...
..........##@#
#####.######.# ..#
#.# ### ..# ####


You could see 2 yaks and 3 wights.

Vanquished Creatures
  2 hydras (D:7)
  A manticore (D:8)
  A cyclops (D:9)
  2 kobold demonologists (D:9)
  A troll (D:9)
  Grinder (D:5)
  2 hornets
  2 yaks (D:9)
  The ghost of BritishOli the Ducker, an amateur DsGl (D:4)
  A steam dragon (D:6)
  Edmund (D:4)
  Duvessa (D:6)
  A water moccasin (D:7)
  2 orc warriors (D:9)
  A black bear (D:6)
  4 necrophages
  3 centaurs
  3 ogres
  2 kobold brigands
  2 bullfrogs
  A gnoll sergeant (D:8)
  A scorpion (D:6)
  Dowan (D:6)
  10 killer bees
  6 wights
  A centaur zombie (D:9)
  5 orc priests
  7 hounds
  Crazy Yiuf (D:7)
  3 centaur skeletons
  2 iguanas
  4 orc wizards
  A howler monkey zombie (D:9)
  10 gnolls
  8 adders
  A worm (D:4)
  3 dart slugs
  19 orcs
  5 ball pythons
  3 bats
  6 endoplasms
  2 giant cockroaches
  12 goblins
  5 hobgoblins
  20 kobolds
  3 quokkas
  4 frilled lizards
  2 rats
180 creatures vanquished.

Notes
Turn   | Place    | Note
-------+----------+-------------------------------------------
     0 | D:1      | Ijustatesigmund the Minotaur Fighter began the quest for
                  | the Orb.
     0 | D:1      | Reached XP level 1. HP: 19/19 MP: 0/0
   257 | D:2      | Reached XP level 2. HP: 23/27 MP: 1/1
   326 | D:1      | Found a faded altar of an unknown god.
   744 | D:2      | Reached XP level 3. HP: 26/33 MP: 2/2
  1214 | D:2      | Reached XP level 4. HP: 37/41 MP: 3/3
  1251 | D:2      | Found Kuusygang's Book Boutique.
  1299 | D:2      | Reached skill level 5 in Maces & Flails
  1970 | D:3      | Reached skill level 5 in Fighting
  1970 | D:3      | Reached XP level 5. HP: 17/48 MP: 4/4
  2165 | D:3      | Found a shimmering blue altar of Sif Muna.
  2491 | D:3      | Found a radiant altar of Vehumet.
  2897 | D:4      | Noticed Edmund
  2917 | D:4      | Killed Edmund
  2918 | D:4      | Reached XP level 6. HP: 21/57 MP: 5/5
  3491 | D:4      | Found a runed translucent gate.
  3491 | D:4      | Found a runed translucent gate.
  3491 | D:4      | Found a runed translucent gate.
  3492 | D:4      | Noticed BritishOli's ghost (amateur DsGl)
  3504 | D:4      | Killed BritishOli's ghost
  3505 | D:4      | Reached skill level 5 in Armour
  3505 | D:4      | Reached XP level 7. HP: 42/64 MP: 6/6
  3830 | D:5      | Entered Level 5 of the Dungeon
  3831 | D:5      | Noticed Grinder
  3831 | D:5      | Paralysed by Grinder for 5 turns
  3976 | D:5      | Killed Grinder
  4117 | D:5      | Reached skill level 1 in Dodging
  4362 | D:5      | Reached XP level 8. HP: 71/73 MP: 7/7
  4754 | D:5      | Found Kaxig's Distillery.
  4759 | D:5      | Bought a potion of berserk rage for 65 gold pieces
  4759 | D:5      | Bought a potion of curing for 39 gold pieces
  4759 | D:5      | Bought 2 potions of heal wounds for 130 gold pieces
  4926 | D:6      | Found Seinob's Weapon Emporium.
  5212 | D:6      | Noticed Dowan
  5213 | D:6      | Noticed Duvessa
  5219 | D:6      | Killed Dowan
  5228 | D:6      | Killed Duvessa
  5529 | D:6      | Reached XP level 9. HP: 37/81 MP: 8/8
  5744 | D:6      | Reached skill level 5 in Dodging
  6235 | D:7      | Found a staircase to the Ecumenical Temple.
  6237 | D:7      | Noticed a four-headed hydra
  6241 | D:7      | Reached skill level 10 in Maces & Flails
  6249 | D:7      | Killed a four-headed hydra
  6250 | D:7      | Reached skill level 10 in Fighting
  6518 | Temple   | Entered the Ecumenical Temple
  6523 | Temple   | Became a worshipper of the Shining One
  6563 | D:7      | Noticed a seven-headed hydra
  6573 | D:7      | Killed a seven-headed hydra
  6574 | D:7      | Reached skill level 1 in Invocations
  6574 | D:7      | Reached XP level 10. HP: 94/94 MP: 8/10
  6630 | D:7      | Found a runed translucent door.
  6631 | D:7      | Noticed Crazy Yiuf
  6636 | D:7      | Killed Crazy Yiuf
  7320 | D:8      | Noticed a manticore
  7331 | D:8      | Killed a manticore
  8008 | D:8      | Noticed Gastronok
  8064 | D:9      | Noticed a cyclops
  8071 | D:9      | Killed a cyclops
  8490 | D:9      | Noticed a smoke demon
  8909 | D:9      | Reached * piety under the Shining One
  8910 | D:9      | Found a staircase to the Orcish Mines.
  9610 | D:9      | Mangled by a wight

Illustrated notes

Levels and vault maps discovered:
D:1:      lemuel_arrival_lava_pool, layout_basic,
          hellmonk_ecumenical_altar_zigzags, st_stairs_10,
          minmay_misc_feat_columns
D:2:      layout_loops_ring, serial_shops, shop
D:3:      layout_loops_cross, mainiacjoe_overflow_catwalk, lemuel_crystal_altar,
          kennysheep_cluttered_room, columned_hall_lemuel
D:4:      kennysheep_six_static_rooms, layout_basic, ebering_ghost_rock_garden,
          minmay_misc_feat_five, grunt_decor_resistance, uniq_edmund
D:5:      layout_rooms, serial_shops, nicolae_shop_hallway_plus,
          minmay_fountain_box, serial_bayou_ford_a, uniq_grinder
D:6:      layout_basic, serial_shops, nicolae_square_shop, uniq_duvessa
D:7:      layout_rooms, minmay_temple_entry_junction_2, uniq_crazy_yiuf_cottage
D:8:      layout_basic, uniq_gastronok, uniq_maurice, uniq_joseph
D:9:      layout_loops_ring, erik_orc_3, chequers_avenue
Temple:   minmay_freezing_vapour_temple

Skill      XL: |  1  2  3  4  5  6  7  8  9 10 |
---------------+-------------------------------+-----
Maces & Flails | 3 4 5 6 7 9 10 11 | 11.9
Fighting       | 4 5 6 7 8 10 11 | 11.7
Armour         | 4 5 6 8 |  8.3
Dodging        | 1 4 6 |  6.7
Invocations    | 1 4 |  4.5
Shields        | |  3.6

Action                   |  1- 3 |  4- 6 |  7- 9 | 10-12 || total
-------------------------+-------+-------+-------+-------++-------
Melee: Flail             |    70 |    86 |     3 |   162 ||   321
       Headbutt          |     9 |    12 |    37 |    35 ||    93
       Dire flail        |       |    23 |    31 |       ||    54
       Demon whip        |       |       |   117 |       ||   117
Throw: Dart              |       |     2 |     5 |     3 ||    10
Invok: Divine Shield     |       |       |       |     1 ||     1
Evoke: Wand              |       |       |     1 |       ||     1
  Use: Scroll            |     1 |     4 |     8 |     7 ||    20
       Potion            |       |     4 |     2 |       ||     6
Armor: Chain mail        |    46 |    54 |    70 |    56 ||   226
       Scale mail        |     5 |       |       |       ||     5
Dodge: Dodged            |    33 |    36 |    61 |    65 ||   195
Block: Buckler           |    13 |    18 |    37 |    60 ||   128

Table legend: (Time is in decaauts)
 A = Elapsed time spent in this place.
 B = Non-inter-level travel time spent in this place.
 C = Inter-level travel time spent in this place.
 D = Time resting spent in this place.
 E = Time spent auto-exploring this place.
 F = Levels seen in this place.
 G = Mean time per level.
                   A        B        C        D        E       F      G
               +--------+--------+--------+--------+--------+-----+--------+
         Total |   9607 |   9424 |    183 |   3308 |   4904 |  10 |  960.7 |
       Dungeon |   9595 |   9412 |    183 |   3308 |   4904 |   9 | 1066.1 |
        Temple |     12 |     12 |      0 |      0 |      0 |   1 |   12.0 |
               +--------+--------+--------+--------+--------+-----+--------+

Top non-repeatable levels by time:
     D:9: 1548 daAuts
     D:2: 1333 daAuts
     D:7: 1263 daAuts
     D:4: 1083 daAuts
     D:6: 1038 daAuts
     D:3: 1003 daAuts
     D:5: 979 daAuts
     D:8: 777 daAuts
     D:1: 568 daAuts
  Temple: 12 daAuts
